 Dungeon Crawl Stone Soup version 0.29.1-1-gd02db69 (webtiles) character file.

Game seed: 6271589912839052765

12318 Timinator the Martial Artist (level 11, -3/89 HPs)
             Began as a Demigod Transmuter on Jan 10, 2023.
             Slain by a warg (12 damage)
             ... on level 1 of the Orcish Mines.
             The game lasted 00:50:04 (15833 turns).

Timinator the Martial Artist (Demigod Transmuter)  Turns: 15833, Time: 00:50:05

Health: -3/89      AC:  9    Str: 19    XL:     11   Next: 35%
Magic:  36/38      EV: 15    Int: 14    God:
Gold:   707        SH:  5    Dex: 21    Spells: 6/18 levels left

rFire   + . .      SeeInvis .     - Unarmed
rCold   . . .      Faith    .   (no shield)
rNeg    . . .      Spirit   .   u - +3 ring mail {rF+}
rPois   +          Reflect  +   A - +1 helmet
rElec   .          Harm     .   s - +0 cloak
rCorr   .          Rampage  .   (no gloves)
Will    +....      Rnd*Tele +   (no boots)
Stlth   +.........              o - amulet of reflection
HPRegen 0.24/turn               b - ring of magical power
MPRegen 0.26/turn               e - ring of magical power

@: wereblooded
A: high MP 1, forlorn, divine attributes, deformed body, poison resistance,
strong 1, teleportitis 1, MP-powered wands
a: no special abilities


You were on level 1 of the Orcish Mines.
You visited 2 branches of the dungeon, and saw 12 of its levels.
You also visited: Ossuary.

You collected 1027 gold pieces.
You spent 320 gold pieces at shops.

Inventory:

Armour
 s - a +0 cloak (worn)
 u - a +3 ring mail of fire resistance (worn)
 A - a +1 helmet (worn)
Jewellery
 b - a ring of magical power (left hand)
 e - a ring of magical power (right hand)
 o - an amulet of reflection (around neck)
 D - a +4 ring of protection
 E - a ring of ice
Wands
 a - a wand of flame (10)
 p - a wand of polymorph (10)
 x - a wand of iceblast (2)
 y - a wand of paralysis (9)
 C - a wand of mindburst (8)
Scrolls
 f - 5 scrolls of teleportation
 h - 3 scrolls of amnesia {unknown}
 j - 3 scrolls of poison
 l - 2 scrolls of torment
 m - a scroll of vulnerability {unknown}
 n - 2 scrolls of brand weapon
 q - a scroll of immolation {unknown}
 r - 3 scrolls of magic mapping
 w - 3 scrolls of enchant armour
 G - a scroll of blinking {unknown}
Potions
 d - 6 potions of curing
 t - 3 potions of ambrosia
 v - 2 potions of attraction
 B - 2 potions of resistance
Miscellaneous
 c - a condenser vane


   Skills:
 * Level 6.0 Fighting
 - Level 3.0 Armour
 * Level 6.2 Dodging
 - Level 0.2 Shields
 * Level 11.8 Unarmed Combat
 - Level 4.0 Spellcasting
 * Level 7.6 Transmutations
 - Level 3.0 Ice Magic


You had 6 spell levels left.
You knew the following spells:

 Your Spells              Type           Power      Damage    Failure   Level
a - Beastly Appendage     Tmut           48%        N/A       1%          1
b - Wereblood             Tmut           24%        N/A       2%          2
c - Ice Form              Ice/Tmut       17%        N/A       34%         4
d - Blade Hands           Tmut           12%        N/A       36%         5

Your spell library contained the following spells:

 Spells                   Type           Power      Damage    Failure   Level
 Passwall                 Tmut/Erth      10%        N/A       10%         2
 Spider Form              Tmut/Pois      13%        N/A       21%         3
 Sandblast                Erth           4%         2d4       32%         1
 Blink                    Tloc           4%         N/A       43%         2
 Sublimation of Blood     Necr           2%         N/A       43%         2
 Petrify                  Tmut/Erth      13%        N/A       54%         4
 Stone Arrow              Conj/Erth      4%         3d7       67%         3
 Irradiate                Conj/Tmut      6%         3d13      88%         5
 Animate Armour           Summ/Erth      4%         N/A       97%         4
 Manifold Assault         Tloc           2%         N/A       100%        5
 Iron Shot                Conj/Erth      1%         9d1       100%        6
 Storm Form               Tmut/Air       6%         N/A       100%        7


Dungeon Overview and Level Annotations

Branches:
Dungeon (10/15)            Temple (0/1) D:7            Lair (0/5) D:10
    Orc (2/2) D:10        Ossuary (visited)
    Elf: Orc:2

Shops:
D:1 [   D:6 *   D:9 *

Annotations:
D:8 1 runed translucent door


Innate Abilities, Weirdness & Mutations

You have an increased reservoir of magic. (+10% MP)
You shall have no god before yourself.
Your divine heritage dramatically boosts your attributes as you level up.
Armour fits poorly on your strangely shaped body.
Your system is resistant to poisons. (rPois)
Your muscles are strong. (Str +4, Int/Dex -1)
You are occasionally teleported next to monsters.
You expend magic power (3 MP) to strengthen your wands.


Message History

Okay, then.
Okay, then.
Aiming: Throw Flame
Press: ? - help, Shift-Dir - straight line, f - orc
Aim: an orc, wielding a +0 dagger (71% to hit)
You feel a surge of power!
The puff of flame hits the orc.
The orc is almost dead.
Casting: Beastly Appendage (safe; 1% risk of failure)
Press: ? - help, Q - select action, (/) - cycle Dir - look around, f - activate You can't see that place. [a rock wall.]
Okay, then.
Throw: 2 javelins
Press: ? - help, Shift-Dir - straight line, f/p - orc
Aim: an orc, wielding a +0 dagger (almost dead, 65% to hit)
You throw a javelin. The javelin pierces through the orc.
You kill the orc!
You start resting.
A warg is nearby!
The warg howls!
You hear a shout!
(D) Dungeon (T) Temple (L) Lair (O) Orcish Mines
Where to? (Enter - D:10, ? - help)
Okay, then.
Casting: Beastly Appendage (safe; 1% risk of failure)
Confirm with . or Enter, or press ? or * to list all spells.
Your blood is infused with primal strength.
Throw: javelin
Press: ? - help, Shift-Dir - straight line, f - warg
Aim: a warg (59% to hit)
You throw a javelin. The javelin pierces through the warg.
The warg is lightly wounded.
The warg bites you.
* * * LOW HITPOINT WARNING * * *
You feel better. The warg barely misses you.
You hit the warg.
The warg is lightly wounded.
The warg bites you.
* * * LOW HITPOINT WARNING * * *
The warg bites you!
You die...

##.###.....#...
### ##........
#......## ###
##..#.... ##.##
####....
#####...#
#.##..
.##......##
####..
.......).## #..
##.#(..h@## ##.
#....#.$..###
#.
##...#......#
## ....
##.....# ..(#
#.....## ...
#......# .
##...### ......
.....###


You could see a warg.

Vanquished Creatures
  Erolcha (Orc:1)
  3 two-headed ogres
  Joseph (D:7)
  2 kobold demonologists
  A troll (Orc:2)
  Prince Ribbit (D:5)
  A hornet (D:10)
  Sigmund (D:2)
  A wraith (Ossuary)
  A wyvern (D:5)
  16 yaks
  2 steam dragons
  Menkaure (D:5)
  2 wargs (Orc:2)
  3 water moccasins
  An ice beast (D:5)
  A sky beast (D:6)
  6 orc warriors
  3 black bears
  6 ogres
  5 centaurs
  A phantom (D:7)
  3 bullfrogs
  4 scorpions
  16 wights
  6 killer bees (D:10)
  6 howler monkeys
  3 jellies
  3 hounds
  A gnoll bouda (D:7)
  6 orc priests
  11 orc wizards
  4 iguanas
  A mummy (Ossuary)
  10 gnolls
  9 adders
  2 white imps
  3 ufetubi
  2 dart slugs
  39 orcs
  3 bats
  7 endoplasms
  2 giant cockroaches
  5 goblins
  8 hobgoblins
  3 jackals (D:1)
  3 quokkas
  6 ball pythons
  2 frilled lizards
  4 gnoll skeletons (Ossuary)
  5 kobolds
  5 kobold skeletons (Ossuary)
  16 orc skeletons (Ossuary)
  6 rats
264 creatures vanquished.

Vanquished Creatures (others)
  An orc (D:8)
1 creature vanquished.

Grand Total: 265 creatures vanquished

Notes
Turn   | Place    | Note
-------+----------+-------------------------------------------
     0 | D:1      | Timinator the Demigod Transmuter began the quest for the
                  | Orb.
     0 | D:1      | Reached XP level 1. HP: 15/15 MP: 5/5
    68 | D:1      | Found Nuan's Armour Boutique.
   180 | D:1      | Reached skill level 1 in Fighting
   677 | D:1      | Reached XP level 2. HP: 23/23 MP: 5/7
  1399 | D:2      | Noticed Sigmund
  1431 | D:2      | Killed Sigmund
  1432 | D:2      | Reached skill level 1 in Armour
  1432 | D:2      | Reached skill level 3 in Unarmed Combat
  1432 | D:2      | Reached XP level 3. HP: 27/29 MP: 8/8
  1432 | D:2      | Reached XP level 4. HP: 34/36 MP: 9/9
  1432 | D:2      | Reached XP level 5. HP: 39/41 MP: 10/10
  2335 | D:3      | Learned a level 2 spell: Wereblood
  2890 | D:4      | Reached skill level 4 in Unarmed Combat
  3546 | D:4      | Noticed a black bear
  3558 | D:4      | Reached XP level 6. HP: 49/49 MP: 11/11
  4283 | D:1      | Bought a +2 ring mail of fire resistance for 210 gold
                  | pieces
  4349 | D:5      | Entered Level 5 of the Dungeon
  4377 | D:5      | Found a sand-covered staircase.
  4382 | Ossuary  | Entered an ossuary
  4382 | Ossuary  | Noticed a wraith
  4382 | Ossuary  | Noticed a wraith
  4382 | Ossuary  | Noticed a wraith
  4457 | Ossuary  | Gained mutation: You do not regenerate when monsters are
                  | visible. [potion of mutation]
  4457 | Ossuary  | Gained mutation: You are strong-willed. (Will+) [potion of
                  | mutation]
  4460 | Ossuary  | Noticed a wraith
  4481 | Ossuary  | Killed a wraith
  4482 | Ossuary  | Reached XP level 7. HP: 31/56 MP: 13/13
  4823 | D:5      | Noticed Menkaure
  4829 | D:5      | Killed Menkaure
  4830 | D:5      | Reached skill level 5 in Unarmed Combat
  5058 | D:5      | Noticed a wyvern
  5063 | D:5      | Killed a wyvern
  5307 | D:5      | Reached XP level 8. HP: 63/63 MP: 14/14
  5358 | D:5      | Reached skill level 6 in Unarmed Combat
  5412 | D:5      | Noticed Prince Ribbit
  5427 | D:5      | Killed Prince Ribbit
  5688 | D:5      | Learned a level 4 spell: Ice Form
  5694 | D:5      | Learned a level 5 spell: Blade Hands
  5830 | D:5      | Reached skill level 7 in Unarmed Combat
  5865 | D:5      | Reached skill level 5 in Transmutations
  6235 | D:6      | Reached XP level 9. HP: 71/71 MP: 17/17
  6277 | D:6      | Found Goaluc's Mayhem Merchandise.
  7032 | D:7      | Found a staircase to the Ecumenical Temple.
  7229 | D:7      | Reached skill level 8 in Unarmed Combat
  7758 | D:7      | Noticed Joseph
  7778 | D:7      | Killed Joseph
  8565 | D:7      | Reached skill level 9 in Unarmed Combat
  8758 | D:7      | Lost mutation: You do not regenerate when monsters are
                  | visible. [potion of mutation]
  8758 | D:7      | Lost mutation: You are strong-willed. (Will+) [potion of
                  | mutation]
  8758 | D:7      | Gained mutation: You expend magic power (3 MP) to
                  | strengthen your wands. [potion of mutation]
  8758 | D:7      | Gained mutation: Your system is resistant to poisons.
                  | (rPois) [potion of mutation]
  8758 | D:7      | Gained mutation: You are occasionally teleported next to
                  | monsters. [potion of mutation]
  8758 | D:7      | Gained mutation: Your muscles are strong. (Str +4, Int/Dex
                  | -1) [potion of mutation]
  9311 | D:7      | Reached skill level 5 in Dodging
  9743 | D:8      | Reached skill level 5 in Fighting
  9926 | D:8      | Reached XP level 10. HP: 77/78 MP: 19/19
 10081 | D:8      | Found a runed translucent door.
 10088 | D:8      | Noticed a five-headed hydra
 10089 | D:8      | Noticed a centaur warrior
 10817 | D:9      | Found Ycsoqih's General Store.
 10840 | D:9      | Bought a scroll of teleportation for 33 gold pieces
 10840 | D:9      | Bought a scroll of teleportation for 33 gold pieces
 10840 | D:9      | Bought a potion of might for 44 gold pieces
 10934 | D:9      | You fall into a shaft and drop 1 floor!
 10934 | D:10     | Entered Level 10 of the Dungeon
 10934 | D:10     | Found a staircase to the Orcish Mines.
 10944 | D:9      | Reached skill level 1 in Ice Magic
 11347 | D:8      | Reached skill level 10 in Unarmed Combat
 12038 | D:10     | Noticed a two-headed ogre
 12131 | D:10     | Paralysed by a hornet for 2 turns
 12295 | D:10     | Noticed a two-headed ogre
 12313 | D:9      | Killed a two-headed ogre
 13403 | D:10     | Killed a two-headed ogre
 13404 | D:10     | Reached skill level 11 in Unarmed Combat
 13404 | D:10     | Reached XP level 11. HP: 54/89 MP: 20/20
 13583 | D:10     | Found a staircase to the Lair.
 13827 | Orc:1    | Entered Level 1 of the Orcish Mines
 13846 | D:10     | Gained mutation: Armour fits poorly on your strangely
                  | shaped body. [mutagenic glow]
 14415 | Orc:1    | Noticed Erolcha
 14435 | Orc:1    | Killed Erolcha
 14458 | Orc:1    | Noticed an orc knight
 14732 | Orc:2    | Entered Level 2 of the Orcish Mines
 15228 | Orc:2    | Noticed a two-headed ogre
 15250 | Orc:1    | Killed a two-headed ogre
 15556 | Orc:2    | Noticed an ogre mage
 15557 | Orc:2    | Noticed an ogre mage
 15740 | Orc:2    | Noticed a two-headed ogre
 15789 | Orc:2    | Noticed an ogre mage
 15790 | Orc:2    | Noticed an ogre mage
 15815 | Orc:1    | HP: 1/89 [something/bolt of magma (25)]
 15831 | Orc:1    | HP: 4/89 [warg (1)]
 15833 | Orc:1    | Slain by a warg

Illustrated notes

Levels and vault maps discovered:
D:1:      matt_arrival_refuge, layout_loops_cross,
          nicolae_ecumenical_snake_handling, serial_shops,
          nicolae_shop_behind_doors
D:2:      layout_basic, dreamdust_princess_bridge, item_on_display_a,
          uniq_sigmund
D:3:      layout_rooms
D:4:      layout_rooms
D:5:      layout_loops_ring, enter_ossuary_2, grunt_ministairs_1,
          amcnicky_mini_rare_corridor_liquid, uniq_menkaure, uniq_prince_ribbit1
D:6:      layout_rooms, st_stairs_2, hangedman_decor_growths, minmay_shop_mayhem
D:7:      layout_basic, minmay_temple_entry_drinking_statues, uniq_joseph
D:8:      layout_basic, mainiacjoe_overflow_brackets,
          nicolae_qazlal_style_of_elements, wad_hexagon
D:9:      layout_gridville, mainiacjoe_overflow_catch_the_wave, serial_shops,
          nicolae_diamond_shop
D:10:     layout_cave_pools, lair_entry_dummy, orc_0_dummy
Orc:1:    layout_diamond_mine, uniq_erolcha
Orc:2:    st_orc_ogre_mass, layout_caves, serial_shops, statue_bzr

Skill      XL: |  1  2  3  4  5  6  7  8  9 10 11 |
---------------+----------------------------------+-----
Fighting       | 1 2 3 4 5 6 |  6.0
Transmutations | 2 3 4 5 6 7 |  7.6
Armour         | 1 2 3 |  3.0
Dodging        | 2 3 4 5 6 |  6.2
Unarmed Combat | 3 4 5 7 9 11 | 11.8
Spellcasting   | 2 3 4 |  4.0
Ice Magic      | 2 3 |  3.0
Shields        | |  0.2

Action                   |  1- 3 |  4- 6 |  7- 9 | 10-12 || total
-------------------------+-------+-------+-------+-------++-------
Melee: Unarmed           |    54 |   190 |   387 |   401 ||  1032
       Kick              |     9 |    51 |   129 |    16 ||   205
       Headbutt          |     6 |    21 |    73 |     8 ||   108
       Punch             |       |     5 |     9 |    32 ||    46
Throw: Javelin           |       |       |       |     4 ||     4
 Cast: Beastly Appendage |    12 |    30 |    48 |     6 ||    96
       Wereblood         |       |     6 |    24 |    30 ||    60
       Ice Form          |       |       |       |     1 ||     1
Evoke: Wand              |       |       |       |     2 ||     2
  Use: Potion            |     1 |     3 |     7 |    10 ||    21
       Scroll            |       |    11 |     2 |    10 ||    23
 Stab: Sleeping          |     3 |     1 |       |       ||     4
Armor: Robe              |     7 |     5 |       |       ||    12
       Skin              |     7 |    21 |     5 |       ||    33
       Leather armour    |       |    18 |       |       ||    18
       Ring mail         |       |     2 |    84 |    84 ||   170
Dodge: Dodged            |    20 |    82 |   152 |   234 ||   488
Block: Other             |       |    10 |    60 |    83 ||   153
       Reflection        |       |       |     2 |     2 ||     4
